 Dungeon Crawl Stone Soup version 0.30.1-11-g7821555f0a (webtiles) character file.

Game seed: 1152600223934387573

58058 Smolboi the Warrior (level 14, -39/148 HPs)
             Began as a Gargoyle Berserker on Jan 10, 2024.
             Was the Champion of Trog.
             Annihilated by an enormous slime creature (71 damage)
             ... on level 12 of the Dungeon.
             The game lasted 00:35:53 (23133 turns).

Smolboi the Warrior (Gargoyle Berserker)           Turns: 23133, Time: 00:35:54

Health: -39/148    AC: 29    Str: 22    XL:     14   Next: 88%
Magic:  14/14      EV: 17    Int:  8    God:    Trog [******]
Gold:   1425       SH:  0    Dex: 13    Spells: 13/13 levels left

rFire   . . .        C - +5 battleaxe
rCold   . . .        (shield currently unavailable)
rNeg    + . .        t - +0 chain mail
rPois   ∞            (no helmet)
rElec   +            M - +0 cloak {Stlth+}
rCorr   .            c - +2 pair of gloves
SInv    .            v - +1 pair of boots
Will    +....        (no amulet) Stlth
                     D - +5 ring of evasion
HPRegen 0.44/turn    B - +4 ring of slaying
MPRegen 0.14/turn

%: no passive effects
@: berserking, flying, studying Dodging, very quick
A: sickness immunity, AC +10, big wings, negative energy resistance 1,
electricity resistance, torment resistance 1, petrification resistance
a: Renounce Religion, Berserk, Trog's Hand, Brothers in Arms


You were on level 12 of the Dungeon.
You worshipped Trog.
Trog was exalted by your worship.
You visited 3 branches of the dungeon, and saw 18 of its levels.
You visited the Abyss 1 time.
You also visited: Ossuary and Gauntlet.

You collected 1425 gold pieces.

Inventory:

Hand Weapons
 w - a +1 hand axe of flaming
 C - a +5 battleaxe (weapon)
Armour
 c - a +2 pair of gloves (worn)
 t - a +0 chain mail (worn)
 v - a +1 pair of boots (worn)
 x - a +1 robe of cold resistance
 M - a +0 cloak of stealth (worn)
Jewellery
 n - a ring of protection from fire
 p - a ring of see invisible
 B - a +4 ring of slaying (right hand)
 D - a +5 ring of evasion (left hand)
Wands
 A - a wand of digging (5)
Scrolls
 b - 2 scrolls of poison
 h - 2 scrolls of fear
 i - 6 scrolls of fog
 j - 5 scrolls of enchant armour
 k - 6 scrolls of teleportation
 l - 9 scrolls of vulnerability
 o - 6 scrolls of immolation
 r - 6 scrolls of enchant weapon
 y - 2 scrolls of blinking
 z - 3 scrolls of silence
 F - 3 scrolls of magic mapping
 G - 4 scrolls of identify
 P - a scroll of butterflies
Potions
 a - 3 potions of resistance {unknown}
 d - 9 potions of curing {unknown}
 e - 5 potions of lignification {unknown}
 f - 6 potions of haste {unknown}
 g - 3 potions of mutation {unknown}
 m - 7 potions of heal wounds {unknown}
 q - 6 potions of attraction {unknown}
 s - 7 potions of ambrosia
 u - 3 potions of might {unknown}
 E - a potion of invisibility
 H - 4 potions of brilliance {unknown}
 I - 2 potions of berserk rage
 L - a potion of magic
 N - 2 potions of cancellation {unknown}


   Skills:
 * Level 15.8 Fighting
 * Level 13.4 Axes
 + Level 11.2 Armour
 + Level 8.8 Dodging
 - Level 10.0 Stealth


You had 13 spell levels left.
You didn't know any spells.
Your spell library contained the following spells:

 Spells                   Type           Power      Damage    Failure   Level
 Sting                    Tmut/Pois      0%         1d3       89%         1
 Ensorcelled Hibernation  Hex/Ice        0%         N/A       96%         2
 Passwall                 Tmut/Erth      0%         N/A       96%         2
 Poisonous Vapours        Pois/Air       0%         N/A       96%         2
 Static Discharge         Conj/Air       0%         2-2/arc   96%         2
 Frozen Ramparts          Ice            0%         1d1       99%         3
 Mephitic Cloud           Conj/Pois/Air  0%         N/A       99%         3
 Ozocubu's Armour         Ice            0%         N/A       99%         3
 Portal Projectile        Hex/Tloc       0%         N/A       99%         3
 Swiftness                Air            0%         N/A       99%         3
 Tukima's Dance           Hex            0%         N/A       99%         3
 Airstrike                Air            0%         2d(0-16)  100%        4
 Anguish                  Hex/Necr       0%         N/A       100%        4
 Animate Armour           Summ/Erth      0%         N/A       100%        4
 Cause Fear               Hex            0%         N/A       100%        4
 Ice Form                 Ice/Tmut       0%         N/A       100%        4
 Petrify                  Tmut/Erth      0%         N/A       100%        4
 Summon Ice Beast         Ice/Summ       0%         N/A       100%        4
 Summon Lightning Spire   Summ/Air       0%         N/A       100%        4
 Alistair's Intoxication  Tmut/Pois      0%         N/A       100%        5
 Blade Hands              Tmut           0%         N/A       100%        5
 Borgnjor's Vile Clutch   Necr/Erth      0%         N/A       100%        5
 Freezing Cloud           Conj/Ice/Air   0%         6-21      100%        5
 Irradiate                Conj/Tmut      0%         3d11      100%        5
 Metabolic Englaciation   Hex/Ice        0%         N/A       100%        5
 Summon Mana Viper        Hex/Summ       0%         N/A       100%        5
 Yara's Violent Unravell  Hex/Tmut       0%         3d3       100%        5
 Eringya's Noxious Bog    Tmut/Pois      0%         N/A       100%        6
 Iron Shot                Conj/Erth      0%         9d1       100%        6
 Simulacrum               Ice/Necr       0%         N/A       100%        6
 Enfeeble                 Hex            0%         N/A       100%        7
 Monstrous Menagerie      Summ           0%         N/A       100%        7
 Ozocubu's Refrigeration  Ice            0%         4d7       100%        7
 Sublimation of Blood     Necr           Unusable   N/A       N/A         2

Dungeon Overview and Level Annotations

Branches:
Dungeon (12/15)            Temple (1/1) D:6            Lair (5/5) D:11
 Shoals (0/4) Lair:3        Snake (0/4) Lair:3        Slime (0/5) Lair:4
    Orc (0/2) D:12        Ossuary (visited)         Gauntlet (visited)

Altars:
Ashenzari
Cheibriados
Dithmenos
Elyvilon
Fedhas
Gozag
Hepliaklqana
Kikubaaqudgha
Makhleb
Nemelex Xobeh
Okawaru
Qazlal
Ru
Sif Muna
Trog
Uskayaw
Vehumet
Wu Jian
Xom
Yredelemnul
Zin
The Shining One

Shops:
D:1 :


Innate Abilities, Weirdness & Mutations

You are immune to sickness and miasma.
Your stone body is resilient. (AC +10)
You are immune to poison.
Your large and strong wings let you fly.
You resist negative energy. (rN+)
You are resistant to electric shocks. (rElec)
You are resistant to unholy torment.
You are immune to petrification.


Message History

The large slime creature is moderately wounded.
A slime creature comes into view.
The large slime creature hits you!!
The slime creature quivers.
You slice the large slime creature!!
The large slime creature is heavily wounded.
Two slime creatures merge to form a very large slime creature.
You slash the very large slime creature!
The very large slime creature is moderately wounded.
You slice the very large slime creature!!
The very large slime creature is heavily wounded.
The very large slime creature hits you!
You slash the very large slime creature!
The very large slime creature is heavily wounded.
A slime creature comes into view.
The very large slime creature hits you.
You barely miss the very large slime creature.
The very large slime creature is heavily wounded.
Two slime creatures merge to form an enormous slime creature.
You slice the enormous slime creature!!
The enormous slime creature is heavily wounded.
You barely miss the enormous slime creature.
The enormous slime creature is heavily wounded.
The enormous slime creature hits you but does no damage.
The enormous slime creature hits you!!!
* * * LOW HITPOINT WARNING * * *
You are too injured to fight recklessly!
You are too injured to fight recklessly!
You are too injured to fight recklessly!
You are too injured to fight recklessly!
You are too injured to fight recklessly!
You are too injured to fight recklessly!
You are too injured to fight recklessly!
You are too injured to fight recklessly!
You are too injured to fight recklessly!
You are too injured to fight recklessly!
A red film seems to cover your vision as you go berserk!
You feel yourself moving faster!
You feel mighty! The enormous slime creature hits you!!!
You die...

#...............#
######.########## #.# #
##'## #### ##...## #... #
##.....## #.## #.#.
##.......####.#.
###...####...............
.......J@'.......>.......
###...####..........##...
#.. ##.......#.##... #.
##...).##.##### #
##...###.#####
##'####......
##........####
#.........# # #...#####.#
#


You could see an enormous slime creature.

Vanquished Creatures
  A minotaur (Gauntlet)
  Harold (D:10)
  3 hydras
  2 catoblepae
  A centaur warrior (D:8)
  A hell hog (Gauntlet)
  A two-headed ogre (D:10)
  2 death scarabs (Gauntlet)
  8 death yaks
  A skyshark (Lair:3)
  2 lindwurms
  A spectral boulder beetle (Gauntlet)
  An ugly thing (D:8)
  2 manticores (D:11)
  3 black mambas
  6 elephants (Lair:5)
  Maurice (D:9)
  A torpor snail (Lair:4)
  14 cane toads
  3 gargoyles
  A hellion (Gauntlet)
  An unseen horror (D:12)
  Psyche (D:9)
  A kobold demonologist (D:12)
  5 komodo dragons
  3 rime drakes
  A red devil (Gauntlet)
  6 trolls
  10 hornets
  A queen bee (D:9)
  3 polar bears (Lair:5)
  17 blink frogs
  A spectral dream sheep (Gauntlet)
  11 dream sheep
  A spectral black mamba (Gauntlet)
  4 slime creatures (D:11)
  13 spriggans (Lair:5)
  5 wraiths
  3 shadows
  6 wyverns
  29 yaks
  10 basilisks
  2 fire bats (Gauntlet)
  A vampire (D:10)
  A spectral komodo dragon (Gauntlet)
  A hell hound (Gauntlet)
  25 water moccasins
  7 black bears
  2 orc warriors (D:9)
  An ice beast (D:6)
  4 boggarts (Lair:5)
  2 sky beasts
  4 centaurs
  32 wolves
  2 ogres (D:7)
  A phantom (D:5)
  3 kobold brigands
  An elf zombie (Ossuary)
  13 bullfrogs
  4 gnoll sergeants
  3 scorpions
  A small abomination (Abyss:1)
  17 killer bees (D:9)
  An electric eel (D:6)
  2 howler monkeys
  2 centaur zombies (Ossuary)
  4 hounds
  3 human zombies (Ossuary)
  6 jellies
  A gnoll bouda (D:5)
  3 orc priests
  2 sleepcaps
  Ijyb (D:3)
  Natasha (thrice) (D:3)
  6 iguanas
  9 orc wizards
  2 hound zombies (Ossuary)
  3 mummies (Ossuary)
  4 adders
  23 gnolls
  2 shadow imps
  3 white imps
  3 ufetubi
  3 adder zombies (Ossuary)
  2 worms (D:5)
  A dart slug (D:3)
  23 orcs
  8 endoplasms
  5 giant cockroaches
  7 goblins
  8 hobgoblins
  19 jackals
  8 quokkas
  11 ball pythons
  4 bats
  A frilled lizard (D:1)
  A goblin zombie (Ossuary)
  4 hobgoblin zombies (Ossuary)
  6 jackal zombies (Ossuary)
  21 kobolds
  5 kobold zombies (Ossuary)
  2 orc zombies (Ossuary)
  4 quokka zombies (Ossuary)
  8 rats
  4 rat zombies (Ossuary)
  A butterfly (Lair:2)
554 creatures vanquished.

Notes
Turn   | Place    | Note
-------+----------+-------------------------------------------
     0 | D:1      | Smolboi the Gargoyle Berserker began the quest for the Orb.
     0 | D:1      | Reached XP level 1. HP: 14/14 MP: 1/1
   112 | D:1      | Reached XP level 2. HP: 19/19 MP: 2/2
   282 | D:1      | Found Yrieta's Book Boutique.
   411 | D:1      | Reached ** piety under Trog
   412 | D:1      | Reached XP level 3. HP: 16/24 MP: 3/3
   711 | D:2      | Reached skill level 1 in Stealth
   716 | D:2      | Reached skill level 4 in Fighting
   736 | D:2      | Reached XP level 4. HP: 29/29 MP: 4/4
   768 | D:2      | Found a shimmering blue altar of Sif Muna.
  1489 | D:3      | Noticed Ijyb
  1501 | D:3      | Killed Ijyb
  1502 | D:3      | Reached XP level 5. HP: 34/34 MP: 5/5
  1652 | D:3      | Noticed Natasha
  1664 | D:3      | Killed Natasha
  1959 | D:3      | Reached *** piety under Trog
  2484 | D:3      | Noticed Natasha
  2495 | D:3      | Killed Natasha
  2662 | D:3      | Noticed Natasha
  2673 | D:3      | Killed Natasha
  2904 | D:4      | Reached skill level 5 in Fighting
  2904 | D:4      | Reached XP level 6. HP: 39/40 MP: 6/6
  3585 | D:4      | Reached XP level 7. HP: 32/44 MP: 7/7
  3708 | D:5      | Entered Level 5 of the Dungeon
  3753 | D:5      | Found a sand-covered staircase.
  3763 | Ossuary  | Entered an ossuary
  3806 | Ossuary  | Reached **** piety under Trog
  3815 | Ossuary  | Reached skill level 6 in Fighting
  4045 | Ossuary  | Reached skill level 5 in Axes
  4045 | Ossuary  | Reached XP level 8. HP: 45/51 MP: 8/8
  4647 | D:5      | Found a bloodstained altar of Trog.
  4726 | D:5      | Reached skill level 7 in Fighting
  5432 | D:6      | Found a staircase to the Ecumenical Temple.
  5477 | Temple   | Entered the Ecumenical Temple
  5764 | D:6      | Reached XP level 9. HP: 51/57 MP: 9/9
  5768 | D:6      | Reached ***** piety under Trog
  5937 | D:6      | Reached skill level 5 in Armour
  6187 | D:6      | Found a blossoming altar of Fedhas.
  6325 | D:7      | Reached skill level 5 in Stealth
  6465 | D:7      | Reached skill level 8 in Fighting
  6764 | D:7      | Noticed a hornet
  6773 | D:7      | Killed a hornet
  7219 | D:7      | Found a glowing golden altar of the Shining One.
  8619 | D:8      | Found a glowing silver altar of Zin.
  8790 | D:8      | Got the Atlas of Interference and Reformation
  8832 | D:8      | Found an ancient bone altar of Kikubaaqudgha.
  8916 | D:8      | Noticed a purple ugly thing
  8928 | D:8      | Killed a purple ugly thing
  8929 | D:8      | Reached skill level 9 in Fighting
  8929 | D:8      | Reached XP level 10. HP: 66/66 MP: 10/10
  9135 | D:8      | Found a broken altar of Ashenzari.
  9150 | D:8      | Noticed a centaur warrior
  9223 | D:8      | Killed a centaur warrior
  9410 | D:8      | Found a hazy altar of Hepliaklqana.
  9420 | D:8      | Found a radiant altar of Vehumet.
  9425 | D:8      | Found a stormy altar of Qazlal.
  9432 | D:8      | Found a shadowy altar of Dithmenos.
  9438 | D:8      | Found a sacrificial altar of Ru.
  9445 | D:8      | Found an opulent altar of Gozag.
  9451 | D:8      | Found a sparkling altar of Nemelex Xobeh.
  9630 | D:8      | Identified the +4 mace of Grandeur {flame, rN+ Str+4}
  9836 | D:9      | Noticed Psyche
  9838 | Abyss:1  | Cast into level 1 of the Abyss (Psyche)
  9877 | D:9      | Escaped the Abyss
  9918 | D:9      | Killed Psyche
  9919 | D:9      | Reached skill level 5 in Dodging
 10302 | D:9      | Reached skill level 10 in Fighting
 10399 | D:9      | Noticed Maurice
 10416 | D:9      | Killed Maurice
 10522 | D:9      | Received a gift from Trog
 10591 | D:9      | Reached XP level 11. HP: 62/72 MP: 11/11
 10969 | D:10     | Entered Level 10 of the Dungeon
 11331 | D:10     | Found a shimmering altar of Xom.
 11332 | D:10     | Found a shimmering altar of Xom.
 11348 | D:10     | Found a burning altar of Makhleb.
 11349 | D:10     | Noticed Harold
 11360 | D:10     | Killed Harold
 11807 | D:10     | Reached skill level 11 in Fighting
 12090 | D:10     | You fall into a shaft and drop 2 floors!
 12649 | D:11     | Noticed a manticore
 12685 | D:11     | Killed a manticore
 12868 | D:11     | Found a staircase to the Lair.
 13009 | D:11     | Reached XP level 12. HP: 66/80 MP: 12/12
 13271 | D:10     | Noticed a two-headed ogre
 13278 | D:10     | Killed a two-headed ogre
 13279 | D:10     | Reached skill level 10 in Axes
 13549 | D:10     | Noticed a two-headed ogre
 13826 | D:11     | Reached skill level 12 in Fighting
 14322 | Lair:1   | Entered Level 1 of the Lair of Beasts
 15333 | Lair:2   | Found a gate leading to a gauntlet.
 15483 | Gauntlet | Entered a Gauntlet
 15483 | Gauntlet | Noticed a catoblepas
 15483 | Gauntlet | Found a transporter.
 15493 | Gauntlet | Found a transporter.
 15496 | Gauntlet | Found a transporter.
 15497 | Gauntlet | Found a transporter.
 15506 | Gauntlet | Found a transporter.
 15508 | Gauntlet | Found a transporter.
 15509 | Gauntlet | Found a transporter.
 15512 | Gauntlet | Noticed a death scarab
 15513 | Gauntlet | Found a runed translucent door.
 15513 | Gauntlet | Noticed a death scarab
 15517 | Gauntlet | Found a transporter.
 15520 | Gauntlet | Found a transporter.
 15521 | Gauntlet | Found a transporter.
 15529 | Gauntlet | Found a runed translucent door.
 15532 | Gauntlet | Found a transporter.
 15533 | Gauntlet | Found a transporter.
 15533 | Gauntlet | Found a transporter.
 15538 | Gauntlet | Noticed a hell hog
 15541 | Gauntlet | Found a transporter.
 15566 | Gauntlet | Found a runed translucent door.
 15673 | Gauntlet | Killed a catoblepas
 15824 | Gauntlet | Killed a death scarab
 15828 | Gauntlet | Killed a death scarab
 15829 | Gauntlet | Reached skill level 13 in Fighting
 15836 | Gauntlet | Reached XP level 13. HP: 29/88 MP: 13/13
 16384 | Gauntlet | Identified the +6 scale mail "Putyv" {rElec Str+5 Int-4
                  | Dex-5}
 16384 | Gauntlet | Noticed a minotaur
 16396 | Gauntlet | Killed a minotaur
 16657 | Lair:2   | Reached skill level 10 in Stealth
 18267 | Lair:3   | Found a staircase to the Snake Pit.
 18294 | Lair:3   | Found a staircase to the Shoals.
 18600 | Lair:4   | Reached skill level 14 in Fighting
 18702 | Lair:4   | Reached skill level 10 in Armour
 19190 | Lair:4   | Gained mutation: Your large and strong wings let you fly.
                  | [Gargoyle growth]
 19190 | Lair:4   | Reached XP level 14. HP: 57/96 MP: 14/14
 19684 | Lair:4   | Found a staircase to the Slime Pits.
 19915 | Lair:5   | Entered Level 5 of the Lair of Beasts
 20690 | Lair:5   | Reached skill level 15 in Fighting
 20794 | Lair:5   | Reached ****** piety under Trog
 21208 | Lair:5   | Found a sacrificial altar of Ru.
 21913 | Lair:5   | Received a gift from Trog
 22519 | Lair:5   | Identified a scroll of acquirement
 22521 | Lair:5   | Acquired a manual of Dodging
 23034 | D:12     | Found a staircase to the Orcish Mines.
 23133 | D:12     | Annihilated by an enormous slime creature

Illustrated notes

Levels and vault maps discovered:
D:1:      minmay_arrival_five_plusses, layout_basic, serial_shops,
          nicolae_diamond_shop
D:2:      layout_basic, basic_altar, minmay_surrounded
D:3:      layout_loops_ring, nicolae_eternal_life,
          nicolae_concentric_dashed_squares_mild, serial_bayou_pond_a,
          uniq_ijyb, uniq_natasha
D:4:      layout_basic
D:5:      layout_loops_cross, kennysheep_little_box, enter_ossuary_3,
          minivault_25
D:6:      layout_basic, marbit_many_paths, minmay_temple_entry_large_hall,
          minivault_14
D:7:      minmay_razor_zed, layout_layer_cave, mainiacjoe_overflow_brackets,
          kb_lookout_dungeons_type
D:8:      layout_loops_corners, mainiacjoe_overflow_boulevard,
          lemuel_doored_altar, nicolae_ashenzari_panopticon,
          grunt_temple_overflow_octagram, minivault_21, corexii_checkpoint_a,
          hangedman_decor_peaks_small
D:9:      layout_cave_pools, minivault_7, uniq_maurice, uniq_psyche
D:10:     layout_roguey, xom_shifter_show, mainiacjoe_overflow_paths,
          minmay_stone_trees_medium, uniq_harold
D:11:     layout_loops_ring, due_lair_maze_entry_diamond, grunt_decor_resistance
D:12:     layout_loops_corners, orc_0_dummy, zin_treasury
Temple:   hellmonk_temple_beads
Lair:1:   layout_roguey, grunt_megastairs_5, lemuel_fruit_fields
Lair:2:   layout_concentric_octagons, gauntlet_entry_generic,
          lemuel_fruit_fields
Lair:3:   layout_misc_corridors, shoals_dummy_entry, dummy_snake_entry,
          serial_bayou_shore_a, infiniplex_staircase_pool_2, grunt_megastairs_4
Lair:4:   layout_regular_city, dpeg_slime_entry_enclosed
Lair:5:   minmay_lair_end_enchanted_forest, layout_long_grid, basic_altar,
          chequers_serial_rivers_small_b, dreamdust_mushroom_princess,
          kennysheep_basilisk_garden

Skill      XL: |  1  2  3  4  5  6  7  8  9 10 11 12 13 14 |
---------------+-------------------------------------------+-----
Axes           | 3 4 5 6 7 8 9 11 12 13 | 13.4
Stealth        | 1 2 3 4 6 7 8 9 10 | 10.0
Fighting       | 4 5 6 7 9 10 11 13 14 15 | 15.8
Dodging        | 2 3 4 5 6 7 8 |  8.8
Armour         | 3 4 6 8 9 10 11 | 11.2

Action                     |  1- 3 |  4- 6 |  7- 9 | 10-12 | 13-15 || total
---------------------------+-------+-------+-------+-------+-------++-------
  Melee: Hand axe          |    90 |   308 |   546 |   827 |   753 ||  2524
         Punch             |     1 |     2 |     5 |    16 |    13 ||    37
         Unarmed           |       |     4 |       |     3 |       ||     7
         Battleaxe         |       |       |       |       |    78 ||    78
 Invoke: Berserk           |     1 |     5 |     6 |    16 |    11 ||    39
  Evoke: Wand              |       |       |     1 |     1 |       ||     2
    Use: Scroll            |       |       |       |    13 |     9 ||    22
   Stab: Confused          |       |     1 |       |       |       ||     1
         Sleeping          |       |     2 |       |     1 |     7 ||    10
         Distracted        |       |       |       |       |     2 ||     2
 Armour: Animal skin       |    37 |    43 |       |       |       ||    80
         Skin              |       |     1 |       |       |       ||     1
         Chain mail        |       |   102 |   337 |   427 |   312 ||  1178
         Leather armour    |       |     7 |       |       |       ||     7
  Dodge: Dodged            |    80 |   152 |   263 |   647 |   512 ||  1654
